 Dungeon Crawl Stone Soup version 0.28.0-45-g0d030f2227 (webtiles) character file.

Game seed: 14968984098448719413

98 Ablot the Grasshopper (level 4, -5/38 HPs)
             Began as a Gnoll Warper on Apr 7, 2022.
             Killed from afar by an orc wizard (9 damage)
             ... with a puff of flame
             ... on level 3 of the Dungeon.
             The game lasted 00:03:08 (3645 turns).

Ablot the Grasshopper (Gnoll Warper)                Turns: 3645, Time: 00:03:09

Health: -5/38      AC:  3    Str: 12    XL:     4   Next: 69%
Magic:  20/20      EV: 12    Int: 13    God:
Gold:   41         SH:  0    Dex: 11    Spells: 11/13 levels left

rFire   . . .      SeeInvis .   a - +0 spear
rCold   . . .      Faith    .   (no shield)
rNeg    . . .      Spirit   .   b - +0 leather armour
rPois   .          Reflect  .   (no helmet)
rElec   .          Harm     .   (no cloak)
rCorr   .          Rampage  .   (no gloves)
Will    .....                   (no boots)
Stlth   +.........              i - amulet of magic regeneration
HPRegen 0.12/turn               u - ring of magical power
MPRegen 0.57/turn               (no ring)

@: confused
A: fangs 1, strong nose, distributed training
a: no special abilities


You were on level 3 of the Dungeon.
You visited 1 branch of the dungeon, and saw 4 of its levels.

You collected 118 gold pieces.
You spent 77 gold pieces at shops.

Inventory:

Hand Weapons
 a - a +0 spear (weapon)
Missiles
 d - 5 boomerangs of dispersal
 e - 63 stones
 m - 4 boomerangs (quivered)
 n - 22 sling bullets
 p - 14 bolts
 r - 3 poisoned darts
 s - 63 arrows
Armour
 b - a +0 leather armour (worn)
Magical Staves
 h - a staff of death
Jewellery
 i - an amulet of magic regeneration (around neck)
 u - a ring of magical power (left hand)
Wands
 q - a wand of acid (4)
Scrolls
 c - a scroll of blinking
 g - a scroll of noise {unknown}
 j - a scroll of teleportation {unknown}
 k - 6 scrolls of identify
 l - a scroll of amnesia {unknown}
 w - a scroll of magic mapping
Potions
 f - a potion of invisibility {unknown}
 o - a potion of berserk rage {unknown}
 t - a potion of curing {unknown}
 v - a potion of lignification {unknown}


   Skills:
 + Level 4.7 Fighting
 + Level 1.2 Short Blades
 + Level 1.2 Long Blades
 + Level 1.2 Axes
 + Level 1.2 Maces & Flails
 + Level 4.7 Polearms
 + Level 1.2 Staves
 + Level 1.2 Slings
 + Level 1.2 Bows
 + Level 1.2 Crossbows
 + Level 2.8 Throwing
 + Level 2.8 Armour
 + Level 4.7 Dodging
 + Level 1.2 Stealth
 + Level 1.2 Shields
 + Level 1.2 Unarmed Combat
 + Level 5.1 Spellcasting
 + Level 1.0 Conjurations
 + Level 1.0 Hexes
 + Level 1.0 Summonings
 + Level 1.0 Necromancy
 + Level 5.5 Translocations
 + Level 1.0 Transmutations
 + Level 1.0 Fire Magic
 + Level 1.0 Ice Magic
 + Level 1.0 Air Magic
 + Level 1.0 Earth Magic
 + Level 1.0 Poison Magic
 + Level 1.3 Invocations
 + Level 1.2 Evocations


You had 11 spell levels left.
You knew the following spells:

 Your Spells              Type           Power      Damage    Failure   Level
a - Blink                 Tloc           34%        N/A       3%          2

Your spell library contained the following spells:

 Spells                   Type           Power      Damage    Failure   Level
 Gell's Gravitas          Tloc           17%        N/A       8%          3
 Lesser Beckoning         Tloc           17%        N/A       8%          3
 Teleport Other           Tloc           17%        N/A       8%          3
 Manifold Assault         Tloc           17%        N/A       56%         5


Dungeon Overview and Level Annotations

Branches:
Dungeon (4/15)
 Temple: D:4-7

Altars:

Shops:
D:3 ?   D:4 ?

Annotations:
D:4 Dowan, Duvessa, Sigmund


Innate Abilities, Weirdness & Mutations

You have very sharp teeth.
Your uncanny sense of smell can sniff out nearby items.
Your experience applies equally to all skills.


Message History

Something tries to affect you, but you resist.
You completely miss something. The orc hits you but does no damage.
Something hits you.
You closely miss something. The orc hits you with a +0 club.
Something hits you.
You hit something but do no damage. Your bite misses something.
The orc hits you but does no damage.
You hear some strange, mumbled words.
You are confused.
You barely miss something. The orc barely misses you.
You bump into the rock wall.
Something hits you but does no damage. The orc closely misses you.
You bump into the rock wall.
You hear some strange, mumbled words.
A magic dart appears from out of thin air!
The magic dart hits you! The orc closely misses you.
You bump into the rock wall.
Something hits you but does no damage. The orc hits you with a +0 club.
* * * LOW HITPOINT WARNING * * *
You barely miss something. Something completely misses you.
You hit the orc. You punch the orc.
The orc is almost dead.
The orc closely misses you. Something hits you.
* * * LOW HITPOINT WARNING * * *
You hit the orc.
You kill the orc!
You feel less confused. Something hits you but does no damage.
You miss something. You bite something. Something hits you.
* * * LOW HITPOINT WARNING * * *
You miss something. Your punch misses something. Your bite misses something.
Something hits you.
* * * LOW HITPOINT WARNING * * *
You miss something.
You hear some strange, mumbled words.
You are confused.
You hear some strange, mumbled words.
A puff of flame appears from out of thin air!
The puff of flame hits you!
You die...

..# ##.## ..# #..# ..#
#..# ..# ##.########
..##########........#
..............#####.#
...............# #.#
.............#{####.######
.............#.>@........#
.............######.####.#
.............#.........#.#
.............#.####..###.#
............<#.# #......#
...............####.######
....................#
....#################
....#


There were no monsters in sight!

Vanquished Creatures
  Terence (D:2)
  An adder (D:3)
  An adder skeleton (D:4)
  4 worms
  5 orcs
  6 ball pythons
  A bat (D:2)
  4 endoplasms
  3 goblins
  3 hobgoblins
  5 kobolds
  3 quokkas
  4 frilled lizards
  2 rats
43 creatures vanquished.

Notes
Turn   | Place    | Note
-------+----------+-------------------------------------------
     0 | D:1      | Ablot the Gnoll Warper began the quest for the Orb.
     0 | D:1      | Reached XP level 1. HP: 20/20 MP: 6/6
   203 | D:1      | Found a faded altar of an unknown god.
   728 | D:1      | Reached XP level 2. HP: 9/26 MP: 7/7
   937 | D:1      | Learned a level 2 spell: Blink
  1640 | D:2      | Reached XP level 3. HP: 30/31 MP: 9/9
  1705 | D:2      | Reached skill level 5 in Spellcasting
  2129 | D:2      | Noticed Terence
  2149 | D:2      | Killed Terence
  2150 | D:2      | Reached skill level 1 in Short Blades
  2150 | D:2      | Reached skill level 1 in Long Blades
  2150 | D:2      | Reached skill level 1 in Axes
  2150 | D:2      | Reached skill level 1 in Maces & Flails
  2150 | D:2      | Reached skill level 1 in Staves
  2150 | D:2      | Reached skill level 1 in Slings
  2150 | D:2      | Reached skill level 1 in Bows
  2150 | D:2      | Reached skill level 1 in Crossbows
  2150 | D:2      | Reached skill level 1 in Stealth
  2150 | D:2      | Reached skill level 1 in Shields
  2150 | D:2      | Reached skill level 1 in Unarmed Combat
  2150 | D:2      | Reached skill level 1 in Invocations
  2150 | D:2      | Reached skill level 1 in Evocations
  2150 | D:2      | Reached XP level 4. HP: 11/38 MP: 11/11
  3249 | D:3      | Found Azxakhli's Magic Scroll Shoppe.
  3252 | D:3      | Bought a scroll of identify for 28 gold pieces
  3252 | D:3      | Bought a scroll of magic mapping for 49 gold pieces
  3266 | D:4      | Noticed Duvessa
  3266 | D:4      | Noticed Dowan
  3266 | D:4      | Found Gorain's Magic Scroll Emporium.
  3389 | D:4      | Reached skill level 1 in Conjurations
  3389 | D:4      | Reached skill level 1 in Hexes
  3389 | D:4      | Reached skill level 1 in Summonings
  3389 | D:4      | Reached skill level 1 in Necromancy
  3389 | D:4      | Reached skill level 1 in Transmutations
  3389 | D:4      | Reached skill level 1 in Fire Magic
  3389 | D:4      | Reached skill level 1 in Ice Magic
  3389 | D:4      | Reached skill level 1 in Air Magic
  3389 | D:4      | Reached skill level 1 in Earth Magic
  3389 | D:4      | Reached skill level 1 in Poison Magic
  3422 | D:4      | Noticed Sigmund
  3645 | D:3      | Killed from afar by an orc wizard

Illustrated notes

Levels and vault maps discovered:
D:1:      mrwooster_arrival_statue_3, layout_loops_cross,
          dreamdust_ecumenical_altar_statues
D:2:      layout_loops_corners, small_statue_intersection, uniq_terence
D:3:      layout_basic, serial_shops, shop_statue
D:4:      layout_rooms, mainiacjoe_overflow_cross_hatched, temple_statues,
          serial_shops, shop_statue, uniq_edmund, uniq_sigmund, uniq_duvessa

Skill      XL: |  1  2  3  4 |
---------------+-------------+-----
Spellcasting   | 5 |  5.1
Short Blades   | 1 |  1.2
Long Blades    | 1 |  1.2
Axes           | 1 |  1.2
Maces & Flails | 1 |  1.2
Staves         | 1 |  1.2
Slings         | 1 |  1.2
Bows           | 1 |  1.2
Crossbows      | 1 |  1.2
Stealth        | 1 |  1.2
Shields        | 1 |  1.2
Unarmed Combat | 1 |  1.2
Invocations    | 1 |  1.3
Evocations     | 1 |  1.2
Conjurations   | 1 |  1.0
Hexes          | 1 |  1.0
Summonings     | 1 |  1.0
Necromancy     | 1 |  1.0
Transmutations | 1 |  1.0
Fire Magic     | 1 |  1.0
Ice Magic      | 1 |  1.0
Air Magic      | 1 |  1.0
Earth Magic    | 1 |  1.0
Poison Magic   | 1 |  1.0
Fighting       | |  4.7
Polearms       | |  4.7
Throwing       | |  2.8
Armour         | |  2.8
Dodging        | |  4.7
Translocations | |  5.5

Action                   |  1- 3 |  4- 6 || total
-------------------------+-------+-------++-------
Melee: Spear             |   141 |   105 ||   246
       Bite              |    16 |    10 ||    26
       Punch             |     3 |     7 ||    10
Throw: Dart              |     3 |       ||     3
       Boomerang         |       |     1 ||     1
Armor: Leather armour    |    23 |    20 ||    43
Dodge: Dodged            |    49 |    48 ||    97
